 Dungeon Crawl Stone Soup version 0.27.1-4-g1640c2035a (webtiles) character file.

Game seed: 6397340753475354955

819 scsoc the Slasher (level 7, -2/59 HPs)
             Began as a Yellow Draconian Warper on Oct 31, 2021.
             Slain by an ogre (18 damage)
             ... on level 3 of the Dungeon.
             The game lasted 00:17:50 (5900 turns).

scsoc the Slasher (Yellow Draconian Warper)         Turns: 5900, Time: 00:17:51

Health: -2/59      AC:  9    Str: 15    XL:     7   Next: 63%
Magic:  10/10      EV: 13    Int: 14    God:
Gold:   131        SH:  0    Dex: 10    Spells: 5/10 levels left

rFire    . . .     SeeInvis .   m - +2 falchion (holy)
rCold    . . .     Faith    .   (no shield)
rNeg     . . .     Spirit   .   (armour unavailable)
rPois    .         Reflect  .   (helmet restricted)
rElec    .         Harm     .   (no cloak)
rCorr    +         Rampage  .   a - +2 pair of gloves
Will     .....                  (no boots)
Stlth    ++........             e - amulet of the acrobat
HPRegen  0.19/turn              (no ring)
MPRegen  0.12/turn              (no ring)

@: no status effects
A: spit acid, AC +6, unfitting armour, cold-blooded, acid resistance
a: Breathe Acid


You were on level 3 of the Dungeon.
You visited 1 branch of the dungeon, and saw 4 of its levels.

You collected 131 gold pieces.

Inventory:

Hand Weapons
 m - a +2 falchion of holy wrath (weapon)
Missiles
 c - 5 boomerangs of dispersal (quivered)
 g - 4 boomerangs
Armour
 a - a +2 pair of gloves (worn)
Jewellery
 e - an amulet of the acrobat (around neck)
 f - a +4 ring of protection
Scrolls
 b - a scroll of blinking
 d - a scroll of enchant armour
 i - 2 scrolls of teleportation
 j - 2 scrolls of amnesia


   Skills:
 + Level 4.2 Fighting
 + Level 6.0 Long Blades
 + Level 0.8 Throwing
 + Level 4.1 Dodging
 + Level 2.5 Stealth
 + Level 2.3 Spellcasting
 + Level 3.5 Translocations


You had 5 spell levels left.
You knew the following spells:

 Your Spells              Type           Power      Damage    Failure   Level
a - Blink                 Tloc           N/A        N/A       9%          2
b - Gell's Gravitas       Tloc           5%         N/A       16%         3

Your spell library contained the following spells:

 Spells                   Type           Power      Damage    Failure   Level
 Lesser Beckoning         Tloc           5%         N/A       16%         3
 Teleport Other           Tloc           11%        N/A       16%         3
 Corpse Rot               Necr/Air       N/A        N/A       34%         2
 Ensorcelled Hibernation  Hex/Ice        2%         N/A       34%         2
 Spider Form              Tmut/Pois      0%         N/A       56%         3
 Manifold Assault         Tloc           11%        N/A       83%         5
 Dispel Undead            Necr           1%         3d6       92%         4
 Death Channel            Necr           0%         N/A       100%        6
 Shadow Creatures         Summ           N/A        N/A       100%        6


Dungeon Overview and Level Annotations

Branches:
Dungeon (4/15)
 Temple: D:4-7

Altars:

Annotations:
D:4 Edmund


Innate Abilities, Weirdness & Mutations

You can spit globs of acid.
Your golden yellow scales are hard. (AC +6)
You cannot fit into any form of body armour.
You are cold-blooded and may be slowed by cold attacks.
You are resistant to acid. (rCorr)


Message History

HP restored.
You climb downwards.
Level annotation: Edmund The goblin throws a throwing net.
The throwing net closely misses you. The giant cockroach barely misses you.
The ogre hits you with a +0 giant club.
The giant cockroach bites you but does no damage.
There is a stone staircase leading up, spattered with blood here.
You see here a throwing net.
The ogre closely misses you. The giant cockroach closely misses you.
The endoplasm barely misses you.
You climb upwards.
There is a stone staircase leading down here.
You barely miss the ogre.
The giant cockroach bites you but does no damage.
The ogre barely misses you.
You barely miss the ogre.
Your tail-slap misses the ogre.
The giant cockroach completely misses you.
You hit the ogre but do no damage. The giant cockroach closely misses you.
The ogre barely misses you.
You hit the ogre.
Your tail-slap misses the ogre.
The ogre is lightly wounded.
The giant cockroach bites you but does no damage.
The ogre hits you with a +0 giant club!!
The giant cockroach bites you but does no damage.
You barely miss the ogre.
The ogre is lightly wounded.
The giant cockroach closely misses you.
The ogre hits you with a +0 giant club!!
* * * LOW HITPOINT WARNING * * *
You are too injured to fight recklessly!
You are too injured to fight recklessly!
You are too injured to fight recklessly!
You slash the ogre!
The ogre is moderately wounded.
The giant cockroach misses you.
You riposte.
You hit the giant cockroach.
The giant cockroach is almost dead.
You barely miss the ogre.
The ogre is moderately wounded.
The ogre hits you with a +0 giant club!!
You die...

#.....###############.
#.....................
#..(..###.#####.#####.
#.....# #..##≈≈.≈≈##'.
#####.#####.≈≈≈#≈≈#...
#..###≈≈≈≈≈≈≈≈≈≈≈#
#J).#≈≈≈≈≈#≈≈≈≈≈≈≈
#B##.≈##≈≈≈≈≈≈#≈#≈
#@###≈≈≈≈≈≈≈≈≈#≈≈#
#O#≈≈≈≈≈≈≈≈≈≈≈≈≈≈≈
#..≈≈#≈.≈≈...≈≈..≈
#...≈≈.)...<....^≈
######)#≈≈≈..8≈..8≈≈≈.≈
#.......≈≈≈≈≈≈≈≈≈≈≈≈.≈≈
#.####.##≈≈≈#≈≈≈#≈≈≈≈≈≈
#.####..#.≈≈≈≈≈≈≈≈≈≈≈≈≈
#........#≈≈≈≈≈#≈≈≈≈≈≈≈


You could see an ogre, an endoplasm and a giant cockroach.

Vanquished Creatures
  The ghost of Arandomuser the Chopper, an amateur MiBe of Trog (D:3)
  Sigmund (D:3)
  Blork the orc (D:3)
  2 hounds
  Natasha (thrice) (D:3)
  A hound skeleton (D:4)
  3 gnolls
  11 adders
  13 dart slugs
  An orc (D:4)
  6 ball pythons
  4 bats
  4 endoplasms
  4 giant cockroaches
  5 goblins
  8 hobgoblins
  9 jackals (D:1)
  7 kobolds
  3 quokkas
  5 frilled lizards
  7 rats
99 creatures vanquished.

Notes
Turn   | Place    | Note
-------+----------+-------------------------------------------
     0 | D:1      | scsoc the Draconian Warper began the quest for the Orb.
     0 | D:1      | Reached XP level 1. HP: 17/17 MP: 3/3
   369 | D:1      | Reached XP level 2. HP: 24/24 MP: 5/5
   892 | D:1      | Reached XP level 3. HP: 20/30 MP: 6/6
  1970 | D:1      | Learned a level 2 spell: Blink
  1974 | D:1      | Learned a level 3 spell: Gell's Gravitas
  2154 | D:2      | Reached skill level 1 in Stealth
  2154 | D:2      | Reached XP level 4. HP: 28/37 MP: 7/7
  2415 | D:2      | Reached skill level 3 in Long Blades
  3578 | D:3      | Noticed Sigmund
  3717 | D:3      | Reached XP level 5. HP: 45/45 MP: 8/8
  3790 | D:3      | Killed Sigmund
  3791 | D:3      | Reached skill level 4 in Long Blades
  3791 | D:3      | Reached XP level 6. HP: 32/51 MP: 9/9
  4234 | D:3      | Found a runed translucent door.
  4235 | D:3      | Noticed Arandomuser's ghost (amateur MiBe)
  4266 | D:3      | Killed Arandomuser's ghost
  4267 | D:3      | Reached skill level 5 in Long Blades
  4267 | D:3      | Your scales start taking on a golden yellow colour.
  4267 | D:3      | Reached XP level 7. HP: 18/58 MP: 10/10
  4267 | D:3      | Gained mutation: You are resistant to acid. (rCorr) [Yellow
                  | Draconian growth]
  4530 | D:3      | Found a runed translucent door.
  4704 | D:3      | Noticed Natasha
  4712 | D:3      | Killed Natasha
  4766 | D:3      | Noticed Natasha
  4774 | D:3      | Killed Natasha
  5313 | D:4      | Noticed Edmund
  5314 | D:4      | Noticed Blork the orc
  5339 | D:3      | Noticed Natasha
  5403 | D:3      | Killed Natasha
  5720 | D:3      | Killed Blork the orc
  5721 | D:3      | Reached skill level 6 in Long Blades
  5900 | D:3      | Slain by an ogre

Illustrated notes

Levels and vault maps discovered:
D:1:      minmay_arrival_loop, layout_basic, minmay_vboxes
D:2:      layout_loops_cross, chequers_garden, grunt_ministairs_15,
          kennysheep_generic_room_16
D:3:      kennysheep_slugbush, layout_basic, ebering_ghost_sewer_f,
          uniq_natasha, uniq_sigmund
D:4:      layout_basic, xom_butterflies, uniq_menkaure, uniq_blork_the_orc,
          uniq_crazy_yiuf_cottage, uniq_duvessa, uniq_edmund

Skill      XL: |  1  2  3  4  5  6  7 |
---------------+----------------------+-----
Stealth        | 1 2 |  2.5
Long Blades    | 3 4 5 6 |  6.0
Fighting       | 3 4 |  4.2
Dodging        | 3 4 |  4.1
Throwing       | |  0.8
Spellcasting   | |  2.3
Translocations | |  3.5

Action                   |  1- 3 |  4- 6 |  7- 9 || total
-------------------------+-------+-------+-------++-------
Melee: Falchion          |   118 |   149 |    97 ||   364
       Tailslap          |    11 |    19 |    15 ||    45
 Cast: Blink             |       |     1 |     6 ||     7
 Abil: Breathe Acid      |       |       |     2 ||     2
  Use: Scroll            |       |     5 |     3 ||     8
       Potion            |       |     4 |     1 ||     5
 Stab: Sleeping          |     3 |     2 |     2 ||     7
       Distracted        |       |     1 |       ||     1
Armor: Skin              |    34 |    49 |    27 ||   110
Dodge: Dodged            |    86 |    92 |   110 ||   288
       Rpst.: Falchion   |    22 |    33 |    30 ||    85
